 Dungeon Crawl Stone Soup version 0.22-a0-608-g8a62e23 (webtiles) character file.

291 Hebeh the Magician (level 6, -3/34 HPs)
             Began as a Deep Elf Fire Elementalist on July 9, 2018.
             Killed from afar by an orc wizard (6 damage)
             ... with a magic dart
             ... on level 3 of the Dungeon.
             The game lasted 00:18:23 (3530 turns).

Hebeh the Magician (Deep Elf Fire Elementalist)     Turns: 3530, Time: 00:18:24

Health: -3/34      AC:  5    Str:  6    XL:     6   Next: 10%
Magic:  12/15      EV: 13    Int: 21    God:
Gold:   93         SH:  0    Dex: 15    Spells: 6/15 levels left

rFire    . . .     SeeInvis .   t - +0 trident (venom)
rCold    . . .     Gourm    .   (no shield)
rNeg     . . .     Faith    .   e - +0 robe
rPois    .         Spirit   .   (no helmet)
rElec    .         Reflect  .   (no cloak)
rCorr    .         Harm     .   i - +2 pair of gloves
MR       .....                  (no boots)
Stlth    ++........             (no amulet)
HPRegen  0.11/turn              (no ring)
MPRegen  0.14/turn              (no ring)

@: no status effects
A: no striking features
a: no special abilities


You were on level 3 of the Dungeon.
You were not hungry.

You visited 1 branch of the dungeon, and saw 3 of its levels.

You collected 93 gold pieces.

Inventory:

Hand Weapons
 a - a +2 whip of electrocution
 f - a +1 dagger of holy wrath
 t - a +0 trident of venom (weapon)
Missiles
 b - 105 stones (quivered)
 g - 23 sling bullets
 n - 4 tomahawks
 B - a throwing net
Armour
 e - a +0 robe (worn)
 i - a +2 pair of gloves (worn)
Jewellery
 y - a +1 ring of protection {unknown}
 D - an uncursed ring of poison resistance {unknown}
Wands
 m - a wand of enslavement (17)
Scrolls
 j - a scroll of fog {unknown}
 k - 2 scrolls of noise {unknown}
 l - a scroll of enchant weapon {unknown}
 q - a scroll of amnesia {unknown}
 s - 4 scrolls of immolation {unknown}
 u - 4 scrolls of identify {unknown}
 v - a scroll of remove curse {unknown}
 A - a scroll of fear {unknown}
 C - a scroll of blinking {unknown}
Potions
 d - a potion of agility {unknown}
 o - a potion of haste {unknown}
 p - 2 potions of curing {unknown}
 r - 2 potions of might {unknown}
 w - 2 potions of brilliance {unknown}
 x - a potion of lignification {unknown}
 z - 2 potions of flight {unknown}
Comestibles
 c - 3 rations


   Skills:
 + Level 1.6 Fighting
 - Level 2.4 Dodging
 - Level 2.4 Stealth
 * Level 5.3 Spellcasting
 * Level 3.6 Conjurations
 * Level 4.8 Fire Magic


You had 6 spell levels left.
You knew the following spells:

 Your Spells              Type           Power        Failure   Level  Hunger
a - Flame Tongue          Conj/Fire      ###..        1%          1    None
b - Throw Flame           Conj/Fire      ###...       2%          2    None
c - Conjure Flame         Conj/Fire      ###.....     5%          3    ##.....
d - Inner Flame           Hex/Fire       ###.....     12%         3    ##.....

Your spell library contained the following spells:

 Spells                   Type           Power        Failure   Level  Hunger
 Fireball                 Conj/Fire      ###.......   45%         5    #####..
 Sticky Flame             Conj/Fire      ###.....     19%         4    ####...


Dungeon Overview and Level Annotations

Branches:
Dungeon (3/15)

Altars:
Cheibriados


Message History

You bump into the rock wall.
A magic dart appears from out of thin air!
The magic dart hits you!
A magic dart appears from out of thin air!
The magic dart hits you!
You bump into the rock wall.
You bump into the rock wall.
A puff of flame appears from out of thin air!
The puff of flame hits you!
* * * LOW HITPOINT WARNING * * *
You bump into the rock wall.
You feel less confused.
All of the chunks of flesh in your inventory have rotted away.
Something tries to affect you, but you resist.
A magic dart appears from out of thin air!
The magic dart hits you!
* * * LOW HITPOINT WARNING * * *
A magic dart appears from out of thin air!
The magic dart hits you!
You die...

...#####..#.#### ...oo)o{#
..........#..# #.#
...######..#.## #.# .#.#
##[.#..# #.# .#.# #......#
#.#### .#.# #......##
#....# .#.# #.......#
####.# ...#
#.....#.##############.###
...#
#........@...............#
#).#
##.##..#.#################
#.)# #.##..#[# #..#
#.##..#.#
#..######.###.#.#
#..).))(#.# #...#
#...###.#.# #...#
#.).#..)#.# #..>#
#...#.#.#.# #.#.#


There were no monsters in sight!

Vanquished Creatures
  Jessica (D:2)
  Ijyb (D:3)
  Natasha (thrice) (D:2)
  A killer bee zombie (D:3)
  Robin (D:3)
  3 gnolls (D:3)
  2 adders (D:2)
  5 worms
  2 dart slugs
  5 leopard geckos
  3 orcs (D:3)
  3 giant cockroaches
  10 goblins
  6 hobgoblins
  6 kobolds
  2 quokkas
  8 bats
  2 frilled lizards (D:1)
  5 rats
69 creatures vanquished.

Notes
Turn   | Place    | Note
-------+----------+-------------------------------------------
     0 | D:1      | Hebeh the Deep Elf Fire Elementalist began the quest for the Orb.
     0 | D:1      | Reached XP level 1. HP: 10/10 MP: 6/6
   381 | D:1      | Reached XP level 2. HP: 15/15 MP: 5/8
   621 | D:2      | Noticed Jessica
   626 | D:2      | Killed Jessica
   626 | D:2      | Reached XP level 3. HP: 7/20 MP: 5/10
   900 | D:2      | Noticed Natasha
   908 | D:2      | Killed Natasha
   908 | D:2      | Reached skill level 4 in Spellcasting
   908 | D:2      | Reached XP level 4. HP: 24/24 MP: 7/12
   911 | D:2      | Reached skill level 1 in Fighting
   915 | D:2      | Noticed Natasha
   922 | D:2      | Killed Natasha
   988 | D:2      | Noticed Natasha
   993 | D:2      | Killed Natasha
  1112 | D:2      | Reached XP level 5. HP: 25/29 MP: 7/13
  1157 | D:2      | Learned a level 2 spell: Throw Flame
  1161 | D:2      | Learned a level 3 spell: Conjure Flame
  1165 | D:2      | Learned a level 3 spell: Inner Flame
  1686 | D:2      | Found a snail-covered altar of Cheibriados.
  2053 | D:3      | Noticed Ijyb
  2159 | D:3      | Killed Ijyb
  2354 | D:3      | Reached skill level 5 in Spellcasting
  2867 | D:3      | Reached XP level 6. HP: 34/34 MP: 4/15
  3264 | D:3      | Noticed Robin
  3269 | D:3      | Killed Robin
  3530 | D:3      | Killed from afar by an orc wizard

Vault maps used:
D:1:      minmay_arrival_diagonal_passages
D:2:      kennysheep_slug_shrine, uniq_natasha, uniq_jessica
D:3:      cheibrodos_old_hovel, first_ration, uniq_ijyb, uniq_robin,
          uniq_grinder

Skill      XL: |  1  2  3  4  5 |
---------------+----------------+-----
Conjurations   | 2 3 |  3.6
Spellcasting   | 4 5 |  5.3
Fighting       | 1 |  1.6
Fire Magic     | 4 |  4.8
Dodging        | |  2.4
Stealth        | |  2.4

Action                   |  1- 3 |  4- 6 || total
-------------------------+-------+-------++-------
Melee: Whip              |     3 |     4 ||     7
       Trident           |       |     8 ||     8
Throw: Stone             |    25 |    38 ||    63
 Cast: Flame Tongue      |    37 |    84 ||   121
       Throw Flame       |       |    28 ||    28
       Conjure Flame     |       |     8 ||     8
  Eat: Chunk             |       |     8 ||     8
Armor: Robe              |     3 |    10 ||    13
Dodge: Dodged            |    14 |    31 ||    45

Table legend:
 A = Spawn XP
 B = Non-spawn XP
 C = Spawn XP percentage of total XP
 D = Spawn monster count
 E = Non-spawn monster count
 F = Spawn count percentage of total count
 G = Total turns spent on level
                    A         B        C        D         E        F      G
               +---------+---------+-------+---------+---------+-------+---------
         Total |       0 |     416 |   0.0 |       0 |      69 |   0.0 |  3530
               +---------+---------+-------+---------+---------+-------+---------
           D:1 |       0 |      21 |   0.0 |       0 |      13 |   0.0 |   575
           D:2 |       0 |     215 |   0.0 |       0 |      23 |   0.0 |  1440
           D:3 |       0 |     180 |   0.0 |       0 |      33 |   0.0 |  1515
               +---------+---------+-------+---------+---------+-------+---------
